 Dungeon Crawl Stone Soup version 0.31-a0-609-g7bf6ffcfed (webtiles) character file.

Game seed: 2510769592502845331

257 Rohain the Slasher (level 6, -12/29 (50) HPs)
             Began as a Gnoll Reaver on Aug 22, 2023.
             Was an Initiate of Okawaru.
             Mangled by an ogre
             ... wielding a +0 giant club
              (35 damage)
             ... on level 4 of the Dungeon.
             The game lasted 00:04:49 (2994 turns).

Rohain the Slasher (Gnoll Reaver)                   Turns: 2994, Time: 00:04:50

HP:   -12/29 (50)   AC:  4    Str: 12 (13) XL:     6   Next: 16%
MP:   14/14         EV: 12    Int: 18 (19) God:    Okawaru [......]
Gold: 133           SH:  4    Dex:  9 (10) Spells: 14/15 levels left

rFire   . . .        a - +1 falchion
rCold   . . .        j - +0 buckler
rNeg    . . .        b - +0 leather armour
rPois   .            (no helmet)
rElec   .            (no cloak)
rCorr   .            (no gloves)
SInv    .            s - +0 pair of boots
Will    .....        (no amulet)
Stlth   +            m - +6 ring of intelligence
HPRegen 0.24/turn    (no ring)
MPRegen 0.14/turn

%: no passive effects
@: very heavily drained
A: fangs 1, strong nose, distributed training
a: Renounce Religion


You were on level 4 of the Dungeon.
You worshipped Okawaru.
Okawaru was noncommittal.
You visited 2 branches of the dungeon, and saw 5 of its levels.

You collected 133 gold pieces.

Inventory:

Hand Weapons
 a - a +1 falchion (weapon)
 k - a +0 shortbow
Missiles
 d - 10 poisoned darts
 f - 4 atropa-tipped darts
Armour
 b - a +0 leather armour (worn)
 e - an orb of wrath
 g - a +0 ring mail of fire resistance
 j - a +0 buckler (worn)
 s - a +0 pair of boots (worn)
Jewellery
 m - a +6 ring of intelligence (left hand)
Wands
 n - a wand of flame (13)
Scrolls
 c - a scroll of teleportation
 i - a scroll of amnesia
 o - a scroll of identify
Potions
 h - a potion of ambrosia
 l - a potion of cancellation
 p - a potion of brilliance
 q - 3 potions of berserk rage
 r - a potion of degeneration
 t - a potion of might {unknown}
 u - a potion of attraction {unknown}


   Skills:
 + Level 4.9 Fighting
 + Level 1.8 Short Blades
 + Level 6.8 Long Blades
 + Level 1.8 Axes
 + Level 1.8 Maces & Flails
 + Level 1.8 Polearms
 + Level 1.8 Staves
 + Level 1.8 Ranged Weapons
 + Level 1.8 Throwing
 + Level 1.8 Armour
 + Level 4.9 Dodging
 + Level 1.8 Stealth
 + Level 1.8 Shields
 + Level 1.8 Unarmed Combat
 + Level 5.3 Spellcasting
 + Level 5.6 Conjurations
 + Level 1.4 Hexes
 + Level 1.4 Summonings
 + Level 1.4 Necromancy
 + Level 1.4 Translocations
 + Level 1.4 Transmutations
 + Level 1.4 Fire Magic
 + Level 1.4 Ice Magic
 + Level 1.4 Air Magic
 + Level 1.4 Earth Magic
 + Level 1.4 Poison Magic
 + Level 2.0 Invocations
 + Level 1.8 Evocations
 + Level 1.4 Shapeshifting


You had 14 spell levels left.
You knew the following spells:

 Your Spells              Type           Power      Damage    Failure   Level
a - Kiss of Death         Conj/Necr      68%        2d10      5%          1

Your spell library contained the following spells:

 Spells                   Type           Power      Damage    Failure   Level
 Momentum Strike          Conj/Tloc      34%        3d8       9%          2
 Apportation              Tloc           20%        N/A       13%         1
 Hailstorm                Conj/Ice       17%        3d6       16%         3
 Sublimation of Blood     Necr           10%        N/A       19%         2
 Wereblood                Tmut           10%        N/A       19%         2
 Alistair's Intoxication  Tmut/Pois      6%         N/A       98%         5
 Summon Hydra             Summ           Unusable   N/A       N/A         7

Dungeon Overview and Level Annotations

Branches:
Dungeon (4/15)             Temple (1/1) D:4

Altars:
Ashenzari
Cheibriados
Fedhas
Kikubaaqudgha
Nemelex Xobeh
Okawaru
Qazlal
Trog
Uskayaw
Zin

Shops:
D:2 (


Innate Abilities, Weirdness & Mutations

You have very sharp teeth.
Your uncanny sense of smell can sniff out nearby items.
Your experience applies equally to all skills.


Message History

The iguana is moderately wounded.
The iguana barely misses you.
You hit the iguana but do no damage.
The iguana is moderately wounded.
The iguana barely misses you.
You hit the iguana but do no damage.
The iguana is moderately wounded.
The iguana bites you.
You barely miss the iguana.
The iguana is moderately wounded.
The iguana closely misses you.
You closely miss the iguana.
The iguana is moderately wounded.
You block the iguana's attack.
You hit the iguana.
The iguana is heavily wounded.
The iguana misses you.
You hit the iguana but do no damage. You bite the iguana, but do no damage.
The iguana is heavily wounded.
The iguana barely misses you.
You hit the iguana but do no damage.
The iguana is heavily wounded.
You block the iguana's attack.
You hit the iguana.
The iguana is severely wounded.
The iguana bites you.
You barely miss the iguana.
The iguana is severely wounded.
You slash the ogre!
The ogre is moderately wounded.
You hit the ogre. You bite the ogre, but do no damage.
The ogre is moderately wounded.
The ogre barely misses you.
You hit the ogre but do no damage.
The ogre is moderately wounded.
You hit the ogre. Your bite misses the ogre.
The ogre is heavily wounded.
The ogre hits you with a +0 giant club!!
Ouch! That really hurt!
You die...

##.##..####...####.####
#.......#..............
#.......#..............
#...†...#...........)..
#.......#..............
#.......#..............
#.....lK#......>.......
##..##O##..##.##.####..
#####@##.†##+##.# ..
#............. .
#..............
#...............
#.............
#...<.........
##.....#...###
#########... ...


You could see an ogre, an iguana and a kobold.

Vanquished Creatures
  A hound (D:4)
  An iguana (D:4)
  4 orc wizards
  2 adders
  3 worms
  8 orcs
  2 bats (D:1)
  7 endoplasms
  2 giant cockroaches
  6 goblins (D:1)
  5 hobgoblins
  2 jackals (D:1)
  9 kobolds
  A quokka (D:1)
  4 ball pythons
  3 frilled lizards
  9 rats
69 creatures vanquished.

Notes
Turn   | Place    | Note
-------+----------+-------------------------------------------
     0 | D:1      | Rohain the Gnoll Reaver began the quest for the Orb.
     0 | D:1      | Reached XP level 1. HP: 20/20 MP: 6/6
   133 | D:1      | Reached XP level 2. HP: 24/26 MP: 7/7
   689 | D:1      | Reached XP level 3. HP: 31/31 MP: 9/9
   700 | D:1      | Reached skill level 5 in Spellcasting
   982 | D:2      | Reached skill level 1 in Invocations
  1245 | D:2      | Found a faded altar of an unknown god.
  1245 | D:2      | Noticed a ynoxinul
  1286 | D:2      | Found Xulomnoz's Weapon Shoppe.
  1670 | D:3      | Reached skill level 1 in Short Blades
  1670 | D:3      | Reached skill level 1 in Axes
  1670 | D:3      | Reached skill level 1 in Maces & Flails
  1670 | D:3      | Reached skill level 1 in Polearms
  1670 | D:3      | Reached skill level 1 in Staves
  1670 | D:3      | Reached skill level 1 in Ranged Weapons
  1670 | D:3      | Reached skill level 1 in Throwing
  1670 | D:3      | Reached skill level 1 in Armour
  1670 | D:3      | Reached skill level 1 in Stealth
  1670 | D:3      | Reached skill level 1 in Shields
  1670 | D:3      | Reached skill level 1 in Unarmed Combat
  1670 | D:3      | Reached skill level 1 in Evocations
  1670 | D:3      | Reached XP level 4. HP: 34/38 MP: 11/11
  1735 | D:3      | Reached skill level 1 in Hexes
  1735 | D:3      | Reached skill level 1 in Summonings
  1735 | D:3      | Reached skill level 1 in Necromancy
  1735 | D:3      | Reached skill level 1 in Translocations
  1735 | D:3      | Reached skill level 1 in Transmutations
  1735 | D:3      | Reached skill level 1 in Fire Magic
  1735 | D:3      | Reached skill level 1 in Ice Magic
  1735 | D:3      | Reached skill level 1 in Air Magic
  1735 | D:3      | Reached skill level 1 in Earth Magic
  1735 | D:3      | Reached skill level 1 in Poison Magic
  1735 | D:3      | Reached skill level 1 in Shapeshifting
  1738 | D:3      | HP: 1/28 [poisoned by an adder]
  1938 | D:3      | Reached XP level 5. HP: 24/33 MP: 12/12
  2306 | D:4      | Found a staircase to the Ecumenical Temple.
  2450 | Temple   | Entered the Ecumenical Temple
  2469 | Temple   | Became a worshipper of Warmaster Okawaru
  2858 | D:4      | Reached XP level 6. HP: 24/28 MP: 11/13
  2994 | D:4      | Mangled by an ogre

Illustrated notes

Levels and vault maps discovered:
D:1:      dpeg_chamrin_arrival_tetris, layout_basic, minmay_tromino_v4_c
D:2:      layout_basic, dreamdust_ecumenical_altar_sealed_demon, serial_shops,
          shop, minmay_hedge_maze, small_statue_intersection
D:3:      layout_basic, chequers_serial_rivers_micro_b
D:4:      layout_gridville, nicolae_elyvilon_temple_path,
          minmay_temple_entry_large_hall, uniq_sigmund
Temple:   hellmonk_temple_beads

Skill      XL: |  1  2  3  4  5 |
---------------+----------------+-----
Spellcasting   | 5 |  5.3
Invocations    | 1 2 |  2.0
Short Blades   | 1 |  1.8
Axes           | 1 |  1.8
Maces & Flails | 1 |  1.8
Polearms       | 1 |  1.8
Staves         | 1 |  1.8
Ranged Weapons | 1 |  1.8
Throwing       | 1 |  1.8
Armour         | 1 |  1.8
Stealth        | 1 |  1.8
Shields        | 1 |  1.8
Unarmed Combat | 1 |  1.8
Evocations     | 1 |  1.8
Hexes          | 1 |  1.4
Summonings     | 1 |  1.4
Necromancy     | 1 |  1.4
Translocations | 1 |  1.4
Transmutations | 1 |  1.4
Fire Magic     | 1 |  1.4
Ice Magic      | 1 |  1.4
Air Magic      | 1 |  1.4
Earth Magic    | 1 |  1.4
Poison Magic   | 1 |  1.4
Shapeshifting  | 1 |  1.4
Fighting       | |  4.9
Long Blades    | |  6.8
Dodging        | |  4.9
Conjurations   | |  5.6

Action                     |  1- 3 |  4- 6 || total
---------------------------+-------+-------++-------
  Melee: Falchion          |   124 |   130 ||   254
         Bite              |     8 |    14 ||    22
   Fire: Shortbow          |     6 |       ||     6
   Cast: Kiss of Death     |     1 |     6 ||     7
    Use: Scroll            |     5 |     5 ||    10
         Potion            |       |     3 ||     3
 Armour: Leather armour    |    32 |    24 ||    56
  Dodge: Dodged            |    86 |    65 ||   151
  Block: Buckler           |     6 |    21 ||    27

Table legend: (Time is in decaauts)
 A = Elapsed time spent in this place.
 B = Non-inter-level travel time spent in this place.
 C = Inter-level travel time spent in this place.
 D = Time resting spent in this place.
 E = Time spent auto-exploring this place.
 F = Levels seen in this place.
 G = Mean time per level.
                   A        B        C        D        E       F      G
               +--------+--------+--------+--------+--------+-----+--------+
         Total |   2997 |   2829 |    168 |    397 |   1733 |   5 |  599.4 |
       Dungeon |   2958 |   2827 |    131 |    397 |   1733 |   4 |  739.5 |
        Temple |     38 |      1 |     37 |      0 |      0 |   1 |   38.0 |
               +--------+--------+--------+--------+--------+-----+--------+

Top non-repeatable levels by time:
     D:1: 843 daAuts
     D:3: 819 daAuts
     D:4: 687 daAuts
     D:2: 609 daAuts
  Temple: 38 daAuts
